 Dungeon Crawl Stone Soup version 0.20-a0-426-gc811625 (webtiles) character file.

133 Kriby the Magician (level 4, -8/30 HPs)
             Began as a Mummy Fire Elementalist on Dec 31, 2016.
             Mangled by an orc priest
             ... wielding a +0 morningstar
              (11 damage)
             ... on level 3 of the Dungeon.
             The game lasted 00:04:38 (3344 turns).

Kriby the Magician (Mummy Fire Elementalist)        Turns: 3344, Time: 00:04:38

Health: -8/30      AC:  3    Str: 11    XL:     4   Next: 94%
Magic:  0/9        EV: 12    Int: 15    God:
Gold:   132        SH:  0    Dex: 12    Spells: 4/10 levels left

rFire  x . .     SeeInvis .     f - +0 dagger
rCold  + . .     Gourm    .     a - +0 robe
rNeg   + + +     Faith    .     (no shield)
rPois  ∞         Spirit   .     (no helmet)
rElec  .         Reflect  .     (no cloak)
rCorr  .         Harm     .     (no gloves)
MR     .....                    g - +0 pair of boots
Stlth  ++........               (no amulet)
                                (no ring)
                                h - ring of wizardry

@: very slightly contaminated
A: no food or potions, fire vulnerability, cold resistance 1, negative energy
resistance 3, torment resistance, unbreathing
a: no special abilities


You were on level 3 of the Dungeon.
You were not hungry.

You visited 1 branch of the dungeon, and saw 3 of its levels.

You collected 132 gold pieces.

Inventory:

Hand Weapons
 f - a +0 dagger (weapon)
Armour
 a - a +0 robe (worn)
 g - a +0 pair of boots (worn)
Jewellery
 d - an uncursed ring of protection from fire {unknown}
 h - a ring of wizardry (left hand)
Scrolls
 c - 2 scrolls of amnesia {unknown}
 e - 2 scrolls of identify {unknown}
 i - a scroll of blinking {unknown}
 j - 2 scrolls of remove curse {unknown}
Books
 b - a book of Flames

   Spells                             Type                      Level
   a - Flame Tongue                   Conjuration/Fire             1
   b - Throw Flame                    Conjuration/Fire             2
   c - Conjure Flame                  Conjuration/Fire             3
   d - Inner Flame                    Hexes/Fire                   3
   e - Sticky Flame                   Conjuration/Fire             4
   f - Fireball                       Conjuration/Fire             5


   Skills:
 - Level 1.5 Dodging
 - Level 1.5 Stealth
 + Level 3.9 Spellcasting
 * Level 3.0 Conjurations
 + Level 2.9 Fire Magic


You had 4 spell levels left.
You knew the following spells:

 Your Spells              Type           Power        Failure   Level  Hunger
a - Flame Tongue          Conj/Fire      ##...        3%          1    N/A
b - Conjure Flame         Conj/Fire      ##......     9%          3    N/A
c - Throw Flame           Conj/Fire      ##....       4%          2    N/A

Dungeon Overview and Level Annotations

Branches:
Dungeon (3/15)

Altars:
Cheibriados


Innate Abilities, Weirdness & Mutations

You do not eat or drink.
Your flesh is vulnerable to fire.
You are immune to poison.
Your flesh is cold resistant. (rC+)
You are immune to negative energy. (rN+++)
You are immune to unholy pain and torment.
You can survive without breathing.


Message History

The orc priest closely misses you.
Casting: Flame Tongue
Confirm with . or Enter, or press ? or * to list all spells.
Aiming: Flame Tongue
Press: ? - help, Shift-Dir - straight line, f/p - orc priest
Aim: an orc priest, wielding a morningstar and wearing a chain mail (severely wounded)
The flame tongue hits the orc priest.
The orc priest is almost dead.
The orc priest calls down the wrath of Beogh upon you.
You are unaffected.
Casting: Flame Tongue
Confirm with . or Enter, or press ? or * to list all spells.
Aiming: Flame Tongue
Press: ? - help, Shift-Dir - straight line, f/p - orc priest
Aim: an orc priest, wielding a morningstar and wearing a chain mail (almost dead)
You miscast Flame Tongue.
You are very lightly contaminated with residual magic.
Nothing appears to happen.
The orc priest hits you with a morningstar!
You die...

#####%#.#...o.o!................
######.#.#o######################
.........#.# # ######.###o# ### #
#....o..# #<# # #..##########.##
# #.)# #......# # #o.# #....[.# #
#..# #....@.# # #.o# #....o.#
#.o# #......# #..# #####.## #..#
#.# ##..## #.# ###....#########.#
.[.......o)oo....#
###....###########


You could see an orc priest.

Vanquished Creatures
  3 adders
  An ooze (D:3)
  3 worms (D:2)
  3 dart slugs (D:2)
  2 leopard geckos
  9 orcs
  10 bats
  A giant cockroach (D:1)
  10 goblins
  8 hobgoblins
  4 jackals (D:1)
  A quokka (D:3)
  A ball python (D:2)
  2 frilled lizards
  6 kobolds
  5 rats
69 creatures vanquished.

Notes
Turn   | Place    | Note
-------+----------+-------------------------------------------
     0 | D:1      | Kriby the Mummy Fire Elementalist began the quest for the Orb.
     0 | D:1      | Reached XP level 1. HP: 13/13 MP: 4/4
   125 | D:1      | Reached skill level 1 in Conjurations
   404 | D:1      | Reached XP level 2. HP: 16/19 MP: 4/6
  1442 | D:2      | Reached XP level 3. HP: 24/24 MP: 5/7
  1809 | D:2      | Learned a level 3 spell: Conjure Flame
  1812 | D:2      | Learned a level 2 spell: Throw Flame
  2069 | D:2      | Reached XP level 4. HP: 21/30 MP: 2/9
  2387 | D:2      | Found a snail-covered altar of Cheibriados.
  3344 | D:3      | Mangled by an orc priest

Vault maps used:
D:1:      dpeg_arrival_three_same_balls
D:2:      kennysheep_slug_shrine
D:3:      marbit_many_paths

Skill      XL: |  1  2  3  4 |
---------------+-------------+-----
Conjurations   | 1 2 3 |  3.0
Spellcasting   | 3 |  3.9
Dodging        | |  1.5
Stealth        | |  1.5
Fire Magic     | |  2.9

Action                   |  1- 3 |  4- 6 || total
-------------------------+-------+-------++-------
Melee: Unarmed           |    40 |       ||    40
       Dagger            |     2 |    17 ||    19
 Cast: Flame Tongue      |    86 |    78 ||   164
       Conjure Flame     |       |     3 ||     3
Armor: Robe              |    22 |     8 ||    30
Dodge: Dodged            |    68 |    32 ||   100
